 Dungeon Crawl Stone Soup version 0.21.1-1-g345015fe64 (webtiles) character file.

1117 Jannitor the Vexing (level 8, -13/52 HPs)
             Began as a Demonspawn Enchanter on June 12, 2018.
             Mangled by an ogre
             ... wielding a +0 giant club
              (16 damage)
             ... on level 6 of the Dungeon.
             The game lasted 00:07:11 (5942 turns).

Jannitor the Vexing (Demonspawn Enchanter)          Turns: 5942, Time: 00:07:11

Health: -13/52     AC:  6    Str:  8    XL:     8   Next: 12%
Magic:  14/14      EV: 13    Int: 19    God:
Gold:   211        SH:  0    Dex: 14    Spells: 12/15 levels left

rFire    . . .     SeeInvis .   u - +1 short sword (venom)
rCold    . . .     Gourm    .   (no shield)
rNeg     . . .     Faith    .   b - +0 robe
rPois    .         Spirit   .   s - +0 helmet
rElec    .         Reflect  .   (no cloak)
rCorr    .         Harm     .   (no gloves)
MR       .....                  (no boots)
Stlth    ++........             (no amulet)
HPRegen  0.17/turn              (no ring)
MPRegen  0.14/turn              (no ring)

@: heavily drained
A: hooves 1, icy blue scales 2, demonic guardian 1
a: no special abilities


You were on level 6 of the Dungeon.
You were hungry.

You visited 1 branch of the dungeon, and saw 6 of its levels.

You collected 211 gold pieces.

Inventory:

Hand Weapons
 a - a +1 dagger
 u - a +1 short sword of venom (weapon)
Armour
 b - a +0 robe (worn)
 g - a +1 hat
 q - a +3 ring mail
 s - a +0 helmet (worn)
Wands
 v - a wand of enslavement (15)
Scrolls
 j - a scroll of blinking {unknown}
 k - 2 scrolls of immolation {unknown}
 l - 4 scrolls of enchant weapon {unknown}
 m - 6 scrolls of identify {unknown}
 n - 6 scrolls of fear {unknown}
 p - a scroll of magic mapping {unknown}
 r - a scroll of teleportation {unknown}
 t - 3 scrolls of remove curse {unknown}
Potions
 e - a potion of cancellation
 f - a potion of brilliance
 h - a potion of curing
 i - a potion of lignification {unknown}
 o - a potion of heal wounds
Books
 c - a book of Maledictions

   Spells                             Type                      Level
   a - Corona                         Hexes                        1
   b - Ensorcelled Hibernation        Hexes/Ice                    2
   c - Confuse                        Hexes                        3
   d - Tukima's Dance                 Hexes                        3
   e - Dazzling Spray                 Conjuration/Hexes            3
Comestibles
 d - 7 rations


   Skills:
 + Level 3.9(2.2) Short Blades
 + Level 4.2(2.5) Dodging
 + Level 5.0(3.3) Stealth
 + Level 4.2(2.6) Spellcasting
 + Level 5.1(3.4) Hexes


You had 12 spell levels left.
You knew the following spells:

 Your Spells              Type           Power        Failure   Level  Hunger
a - Corona                Hex            ###....      3%          1    #......
b - Ensorcelled Hibernat  Hex/Ice        #.....       12%         2    ##.....


Dungeon Overview and Level Annotations

Branches:
Dungeon (6/15)
 Temple: D:4-7

Altars:
Cheibriados
Ru
Vehumet

Annotations:
D:2 exclusion: kobold, Terence


Innate Abilities, Weirdness & Mutations

You have large cloven feet.
You are mostly covered in icy blue scales. (AC +3)
A weak demonic guardian rushes to your aid.


Message History

You hit the ogre.
The ogre is moderately wounded.
Something hits you but does no damage.
You feel drained. The ogre hits you with a giant club!!
Ouch! That really hurt!
* * * LOW HITPOINT WARNING * * *
You are too injured to fight recklessly!
You are too injured to fight recklessly!
Unknown command.
Your quasit closely misses the ogre.
Your quasit barely misses the ogre.
Your quasit claws the ogre.
Your quasit completely misses the ogre.
Your quasit claws the ogre. x2
Your quasit closely misses the ogre.
Your quasit claws the ogre.
Your quasit barely misses the ogre.
Your quasit barely misses the ogre.
Your quasit claws the ogre.
Your quasit barely misses the ogre.
There is a stone staircase leading up, spattered with blood here.
Something hits you but does no damage.
You feel drained. The ogre hits you with a giant club!
You die...

### ######## #..#
###......## ....
...####.@.......## #...#
.........O5......## ...#
..................##...#
..####..............).#
#.................#
....................#
..............).......#
.......................#
...##...........#####..#


You could see an ogre and a friendly quasit.

Vanquished Creatures
  Menkaure (D:5)
  Duvessa (D:5)
  2 centaurs (D:5)
  2 scorpions (D:5)
  Dowan (D:5)
  A howler monkey (D:4)
  A crimson imp (D:5)
  A centaur zombie (D:5)
  2 orc priests
  A centaur skeleton (D:5)
  Natasha (thrice) (D:2)
  2 orc wizards
  A worker ant (D:4)
  A hound zombie (D:5)
  4 gnolls
  A howler monkey skeleton (D:5)
  10 adders
  An ooze (D:2)
  A worm (D:3)
  8 leopard geckos
  13 orcs
  2 ball pythons
  6 goblins
  6 hobgoblins
  6 jackals (D:5)
  3 quokkas
  A ball python skeleton (D:4)
  4 bats
  4 frilled lizards
  6 kobolds
  7 rats
103 creatures vanquished.

Vanquished Creatures (collateral kills)
  A wyvern zombie (D:6)
  A hound (D:5)
  2 jackals (D:5)
4 creatures vanquished.

Grand Total: 107 creatures vanquished

Notes
Turn   | Place    | Note
-------+----------+-------------------------------------------
     0 | D:1      | Jannitor the Demonspawn Enchanter began the quest for the Orb.
     0 | D:1      | Reached XP level 1. HP: 13/13 MP: 3/3
   217 | D:1      | Reached skill level 1 in Short Blades
   251 | D:1      | Gained mutation: You are partially covered in icy blue scales. (AC +2) [demonic ancestry]
   251 | D:1      | Reached XP level 2. HP: 7/19 MP: 1/5
   449 | D:1      | Learned a level 2 spell: Ensorcelled Hibernation
  1014 | D:2      | Reached XP level 3. HP: 22/24 MP: 6/6
  1347 | D:2      | Found a sacrificial altar of Ru.
  1349 | D:2      | Noticed Natasha
  1363 | D:2      | Killed Natasha
  1363 | D:2      | Gained mutation: You are mostly covered in icy blue scales. (AC +3) [demonic ancestry]
  1363 | D:2      | Reached XP level 4. HP: 30/30 MP: 4/7
  1504 | D:2      | Noticed Terence
  1562 | D:2      | Noticed Natasha
  1568 | D:2      | Killed Natasha
  1923 | D:3      | Reached XP level 5. HP: 30/35 MP: 9/9
  2711 | D:2      | Noticed Natasha
  2713 | D:2      | Killed Natasha
  3111 | D:3      | Gained mutation: You have large cloven feet. [demonic ancestry]
  3111 | D:3      | Reached XP level 6. HP: 33/41 MP: 5/10
  4517 | D:5      | Entered Level 5 of the Dungeon
  4557 | D:5      | Gained mutation: A weak demonic guardian rushes to your aid. [demonic ancestry]
  4557 | D:5      | Reached XP level 7. HP: 27/46 MP: 10/12
  4617 | D:5      | Noticed Menkaure
  4632 | D:5      | Killed Menkaure
  4922 | D:5      | Found a snail-covered altar of Cheibriados.
  5194 | D:5      | Noticed Duvessa
  5195 | D:5      | Noticed Dowan
  5202 | D:5      | Killed Duvessa
  5215 | D:5      | Killed Dowan
  5614 | D:5      | Found a radiant altar of Vehumet.
  5708 | D:5      | Reached skill level 5 in Hexes
  5708 | D:5      | Reached XP level 8. HP: 36/52 MP: 14/14
  5769 | D:6      | Reached skill level 5 in Stealth
  5931 | D:6      | HP: 1/52 [ogre/giant club (29)]
  5942 | D:6      | Mangled by an ogre

Skill      XL: |  1  2  3  4  5  6  7  8 |
---------------+-------------------------+-----
Short Blades   | 1 2 3 |  3.9
Dodging        | 2 3 4 |  4.2
Stealth        | 3 4 5 |  5.0
Spellcasting   | 3 4 |  4.2
Hexes          | 4 5 |  5.1

Action                   |  1- 3 |  4- 6 |  7- 9 || total
-------------------------+-------+-------+-------++-------
Melee: Dagger            |    92 |   254 |    54 ||   400
       Kick              |       |    29 |    19 ||    48
       Short sword       |       |       |    75 ||    75
 Cast: Corona            |     3 |     2 |       ||     5
       Ensorcelled Hiber |     6 |    23 |     2 ||    31
  Use: Potion            |       |     8 |     5 ||    13
 Stab: Sleeping          |     9 |    20 |     6 ||    35
       Distracted        |       |       |     2 ||     2
  Eat: Chunk             |     2 |    11 |     4 ||    17
Armor: Robe              |    21 |    47 |    38 ||   106
Dodge: Dodged            |    67 |   169 |   117 ||   353
